[Event "Late-Titled-Tuesday-Blitz-January-23-2024"]
[Site "Chess.com"]
[Date "2024.01.23"]
[Round "6"]
[White "Defenstrator"]
[Black "esrosenberg"]
[Result "1-0"]
[WhiteElo "2505"]
[BlackElo "2360"]
[TimeControl "180+1"]
[EndTime "15:05:15 PST"]
[Termination "Defenstrator won by resignation"]

1. b4 e6 2. Bb2 Nf6 3. a3 c5 4. bxc5 Bxc5 5. e3 d5 6. Bd3 Nc6 7. f4 Bd7 8. Nf3 Rc8 9. O-O a6 10. Ne5 Nxe5 11. Bxe5 h5 12. Nc3 Ng4 13. Qf3 Nxe5 14.
fxe5 Qe7 15. Qg3 g6 16. Ne2 h4 17. Qg4 h3 18. g3 Rh5 19. Bxg6 Rg5 20. Bxf7+ Kd8 21. Qxh3 Kc7 22. Nf4 d4 23. Bxe6 dxe3 24. Nd5+ Kb8 25. Nxe7 e2+ 26. Kg2 exf1=Q+ 27. Rxf1 Bxe6 28. Qxe6 Rc7 29. Nd5 Rc8 30. d4 Bxd4 31. Qd6+ Ka7 32. Nb4 Bc5 33. Qd2 Rxe5 34. Nd3 Rd5 35. Qc3 b6 36.
Nxc5 Rdxc5 37. Rf7+ Kb8 38. Qg7 Rxc2+ 39. Kh3 Rh8+ 40.
Qxh8+ 1-0

[Event "Late-Titled-Tuesday-Blitz-January-23-2024"]
[Site "Chess.com"]
[Date "2024.01.23"]
[Round "6"]
[White "ChEsper99"]
[Black "dolynachess"]
[Result "0-1"]
[WhiteElo "2108"]
[BlackElo "2496"]
[TimeControl "180+1"]
[EndTime "15:05:15 PST"]
[Termination "dolynachess won on time"]

1. d4 Nf6 2. Bf4 c5 3. c3 d5 4.
Nf3 Nc6 5. e3 g6 6. Nbd2 Bg7 7.
h3 O-O 8. Bd3 Nd7 9. O-O e5 10.
dxe5 Ndxe5 11. Nxe5 Nxe5 12. Be2 Re8 13. Nf3 Nc4 14.
Bxc4 dxc4 15. Qxd8 Rxd8 16. Rfd1 Bf5 17. Be5 f6 18.
Bc7 Rd3 19. g4 Be4 20. Nd2 Bd5 21. b3 Rxc3 22. Nxc4 Bxc4 23. bxc4 Rxc4 24. Rac1 Rxc1 25. Rxc1 Bf8 26. Rd1 b5 27. Kf1 a5 28. Ke2 c4 29.
Rd5 b4 30. Rxa5 Rc8 31. Ra7 c3 32. Kd1 f5 33. Kc2 fxg4 34. hxg4 h5 35. gxh5 gxh5 36.
a3 bxa3 37. Kb3 c2 0-1

[Event "Late-Titled-Tuesday-Blitz-January-23-2024"]
[Site "Chess.com"]
[Date "2024.01.23"]
[Round "6"]
[White "sergeikim"]
[Black "HackingKid98"]
[Result "0-1"]
[WhiteElo "2418"]
[BlackElo "2544"]
[TimeControl "180+1"]
[EndTime "15:05:17 PST"]
[Termination "HackingKid98 won on time"]

1. d4 Nf6 2. c4 e6 3. Nc3 d5 4. Nf3 Be7 5. Bf4 O-O 6. e3 c5 7. a3 Nc6 8. Bd3 cxd4 9. exd4 dxc4 10. Bxc4 b6 11. O-O Na5 12. Ba2 Ba6 13. Re1 Rc8 14. Ne5 Nc4 15. Qe2 Nd5 16. Bg3 Nxc3 17. bxc3 b5 18.
a4 Qd5 19. axb5 Bxb5 20. Qg4 Qa8 21. Nxc4 Bxc4 22. Bxc4 Rxc4 23. Be5 g6 24. Re3 Rfc8 25. Rc1 Bf8 26. h4 Bg7 27. Bxg7 Kxg7 28. h5 Qd5 29. Re5 Qd8 30. Qf3 Rxd4 31. h6+ Kg8 32. g3 Rd5 33.
Rce1 Rcc5 34. Rxd5 Rxd5 35. c4 Rd3 36. Qb7 Rd7 37. Qf3 Qg5 38. Qa8+ Rd8 39. Qxa7 Qxh6 40. c5 Qd2 41. Rf1 Qc2 42. Qe7 Rc8 43. Qf6 Qxc5 44. Rd1 Qc7 0-1

[Event "Late-Titled-Tuesday-Blitz-January-23-2024"]
[Site "Chess.com"]
[Date "2024.01.23"]
[Round "6"]
[White "PNEPaul"]
[Black "norwaytoadog"]
[Result "1-0"]
[WhiteElo "1925"]
[BlackElo "2277"]
[TimeControl "180+1"]
[EndTime "15:05:18 PST"]
[Termination "PNEPaul won on time"]

1. e4 c5 2. d4 cxd4 3. c3 e5 4. Nf3 Nc6 5. Bc4 Nf6 6. Ng5 d5 7. exd5 Na5 8. O-O Nxc4 9. Qa4+ Bd7 10. Qxc4 Rc8 11. Qb3 h6 12. Nf3 e4 13. Nxd4 Bd6 14.
h3 a6 15. Be3 O-O 16. Nd2 b5 17. Qc2 Qe7 18. Rfe1 Rfe8 19. Nc6 Bxc6 20. dxc6 Rxc6 21. Rad1 Bb8 22. Nf1 b4 23. Bd4 Be5 24. Bxe5 Qxe5 25. c4 Qf4 26. b3 Rc5 27. Qd2 Qh4 28. Qe3 Rg5 29. Ng3 Nh5 30. Nxh5 Qxh5 31. Rd4 Qg6 32. g3 f5 33. Qf4 h5 34. Rd6 Re6 35. Rxe6 Qxe6 36.
Qxg5 Qe5 37. Qf4 Qc3 38. Re3 Qc1+ 39. Kg2 Qd1 40. Qxf5 Qd4 41. Qxe4 1-0

[Event "Late-Titled-Tuesday-Blitz-January-23-2024"]
[Site "Chess.com"]
[Date "2024.01.23"]
[Round "6"]
[White "jcibarra"]
[Black "Oleksandr_Bortnyk"]
[Result "0-1"]
[WhiteElo "2859"]
[BlackElo "3069"]
[TimeControl "180+1"]
[EndTime "15:05:19 PST"]
[Termination "Oleksandr_Bortnyk won by resignation"]

1. d4 Nf6 2. Bg5 b6 3. Nc3 Bb7 4. Qd3 d5 5. f3 Nc6 6. O-O-O e6 7. e4 Be7 8. e5 Nd7 9. Bxe7 Qxe7 10. f4 f6 11. Nf3 O-O-O 12. Qe3 fxe5 13. fxe5 Rhf8 14. h4 h6 15. a3 Kb8 16. Bd3 Na5 17. Kb1 c5 18.
Nb5 c4 19. Bg6 Bc6 20. Nd6 Nb7 21. Rhe1 b5 22. c3 Nb6 23. h5 a5 24. Rf1 Nd7 25.
Rde1 Kc7 26. Bc2 b4 27. axb4 axb4 28. cxb4 Nxd6 29. exd6+ Qxd6 30. Qxe6 Qxb4 31. Ne5 Nxe5 32. Qxe5+ Kb6 33. Qe3 Rde8 34. Qc3 Qxc3 35. bxc3 Rxf1 36. Rxf1 Re2 37. g4 Rg2 38. Bd1 Bd7 39. Rf4 Rg1 40. Kc1 Ba4 41. Rf7 Bxd1 42. Kd2 Bxg4 43.
Rxg7 Rg2+ 44. Ke3 Re2+ 45. Kf4 Re4+ 46. Kg3 Bxh5 47. Re7 Rxe7 0-1

[Event "Late-Titled-Tuesday-Blitz-January-23-2024"]
[Site "Chess.com"]
[Date "2024.01.23"]
[Round "6"]
[White "Harry_Rakkel"]
[Black "BilodeauA"]
[Result "0-1"]
[WhiteElo "2699"]
[BlackElo "2945"]
[TimeControl "180+1"]
[EndTime "15:05:19 PST"]
[Termination "BilodeauA won on time"]

1. e4 e5 2. Nf3 Nc6 3. Bc4 Bc5 4. Nc3 Nf6 5. d3 d6 6. O-O h6 7. Na4 Bb6 8. h3 O-O 9. Nxb6 axb6 10. Re1 Ne7 11.
d4 Ng6 12. c3 Qe7 13. Qb3 Bd7 14. a3 Rfe8 15. dxe5 dxe5 16. Qa2 Be6 17. Bd2 Rad8 18.
Rad1 Bxc4 19. Qxc4 Rd6 20. Bc1 Red8 21. Rxd6 Qxd6 22.
g3 Nf8 23. Nh4 Ne6 24. Nf5 Qc5 25. Qb3 h5 26. Be3 Qf8 27. Bc1 g6 28. Nh4 Qd6 29.
Nf3 Nc5 30. Qc4 Ncxe4 31. Bg5 Nxg5 32. Nxg5 Rd7 33. Re3 Qd1+ 34. Kg2 Qd5+ 35. Qxd5 Rxd5 36. Rf3 Kg7 37. b4 b5 38. Re3 Ne8 39. Nf3 f6 40. g4 hxg4 41. hxg4 g5 42. Ng1 Nd6 43. Ne2 Nc4 44. Rh3 Rd2 45. Ng3 Nd6 46. Nh5+ Kg6 47. Ng3 e4 48. Rh8 e3 49. Rg8+ Kf7 0-1

[Event "Late-Titled-Tuesday-Blitz-January-23-2024"]
[Site "Chess.com"]
[Date "2024.01.23"]
[Round "6"]
[White "Byniolus"]
[Black "Alexei_Gubajdullin"]
[Result "1-0"]
[WhiteElo "2852"]
[BlackElo "2602"]
[TimeControl "180+1"]
[EndTime "15:05:19 PST"]
[Termination "Byniolus won on time"]

1. d4 d5 2. Nf3 Nf6 3. Bf4 c6 4. e3 Bf5 5. c4 Qb6 6. Qb3 Qxb3 7. axb3 Nbd7 8. Nc3 e6 9. c5 a6 10. b4 Rc8 11. h3 h6 12. Nd2 Be7 13. Nb3 Bd8 14.
Bd6 Bc7 15. Bxc7 Rxc7 16. b5 O-O 17. b6 Rcc8 18. Na5 Rb8 19. Kd2 Rfc8 20. Nxb7 Rxb7 21. Bxa6 Rcb8 22. Bxb7 Rxb7 23. Ra6 Kh7 24. Rha1 e5 25.
Ra7 Rb8 26. Ra8 exd4 27. exd4 h5 28. b4 h4 29. Rxb8 Nxb8 30. Ra8 Nfd7 31. f3 g5 32. b5 Be6 33. Ra7 Kg6 34. Rc7 cxb5 35. Nxb5 Kf5 36. Ke3 Nf8 37. Nd6+ Kf6 38. c6 Ng6 39. b7 Nf4 40.
Rxf7+ Bxf7 41. c7 1-0

[Event "Late-Titled-Tuesday-Blitz-January-23-2024"]
[Site "Chess.com"]
[Date "2024.01.23"]
[Round "6"]
[White "Vamostodorecto"]
[Black "jk13"]
[Result "0-1"]
[WhiteElo "2384"]
[BlackElo "2659"]
[TimeControl "180+1"]
[EndTime "15:05:20 PST"]
[Termination "jk13 won on time"]

1. d4 Nf6 2. c4 e6 3. Nc3 Bb4 4. a3 Bxc3+ 5. bxc3 O-O 6. f3 d5 7. cxd5 exd5 8. e3 c5 9. Bd3 b6 10. Ne2 Ba6 11. O-O Re8 12. Ng3 Bxd3 13. Qxd3 Nc6 14.
Ra2 h5 15. Re2 Qd7 16. Bb2 Rad8 17. Rd1 h4 18. Nh1 h3 19. g4 Nh7 20. Ng3 Ng5 21.
Rf1 Re6 22. Qf5 Qe7 23. e4 g6 24. Qf4 cxd4 25. cxd4 dxe4 26. fxe4 Nxd4 27. Ref2 f6 28. e5 fxe5 29. Qe3 Rd7 30. Ne4 Nxe4 31. Qxe4 Kh7 32. Rf7+ Qxf7 33. Rxf7+ Rxf7 34. Bxd4 Ref6 35. Qd3 Rf3 36. Be3 e4 37. Qe2 b5 38. Bc5 a5 39.
Qxb5 e3 40. Qe2 Rf2 41. Qe1 Rg2+ 42. Kh1 e2 43. Bd4 Rf1+ 0-1

[Event "Late-Titled-Tuesday-Blitz-January-23-2024"]
[Site "Chess.com"]
[Date "2024.01.23"]
[Round "6"]
[White "ChessFighter_2011"]
[Black "FredddieCroderg"]
[Result "1-0"]
[WhiteElo "2932"]
[BlackElo "2391"]
[TimeControl "180+1"]
[EndTime "15:05:21 PST"]
[Termination "ChessFighter_2011 won by resignation"]

1. e4 c6 2. d4 d5 3. e5 Bf5 4.
h4 h5 5. c4 e6 6. Nc3 Bb4 7.
Ne2 Ne7 8. Ng3 Bg6 9. Bg5 Qa5 10.
Qd2 Nf5 11. Nxf5 Bxf5 12. Be2 dxc4 13. Bxc4 Nd7 14. O-O Nb6 15. Bb3 Nd5 16. Rac1 O-O 17. a3 Bxc3 18. bxc3 Qxa3 19. Bc4 Qa5 20. Be2 Bg6 21.
Bf3 b5 22. Qb2 Qb6 23. Qe2 a5 24. Bxh5 Bh7 25. Bf3 a4 26. Bxd5 cxd5 27. Qg4 Bf5 28. Qg3 Kh8 29. h5 a3 30. Be7 Rg8 31. Qg5 Ra7 32. h6 Rxe7 33. Qxe7 gxh6 34. Qf6+ Kh7 35. Kh2 b4 36. cxb4 Qxd4 37. Rc7 Qf4+ 38. Kg1 Rg7 39.
Rxf7 Rxf7 40. Qxf7+ Kh8 41. Qf6+ Kh7 42. b5 a2 43. b6 Qd4 44. b7 Qb6 45. Qf7+ Kh8 46.
Qf8+ Kh7 47. b8=Q Qxb8 48. Qxb8 1-0

[Event "Late-Titled-Tuesday-Blitz-January-23-2024"]
[Site "Chess.com"]
[Date "2024.01.23"]
[Round "6"]
[White "Rodalquilar"]
[Black "Chessdreamer2020"]
[Result "1-0"]
[WhiteElo "2755"]
[BlackElo "2551"]
[TimeControl "180+1"]
[EndTime "15:05:21 PST"]
[Termination "Rodalquilar won by resignation"]

1. d4 d6 2. e4 Nf6 3. Nc3 c6 4. Nf3 Bg4 5. Be2 e6 6. O-O d5 7.
exd5 cxd5 8. Ne5 Bxe2 9. Nxe2 Nc6 10. c3 Bd6 11. Nd3 O-O 12. Bg5 h6 13. Bh4 Be7 14. h3 Rc8 15. Bg3 Ne4 16. Bh2 Bd6 17. Bxd6 Qxd6 18.
Qc1 Na5 19. Qf4 Qxf4 20. Nexf4 Nc4 21. Rfe1 b5 22. Re2 a5 23. a3 Rb8 24. g4 Rfc8 25. Kg2 Kf8 26. h4 Ke7 27. f3 Nf6 28. g5 hxg5 29.
hxg5 Nh7 30. Nxd5+ Kd6 31. g6 Nf8 32. N5f4 Nxg6 33. Nxg6 fxg6 34. Nf4 Re8 35. Rae1 g5 36. Nxe6 b4 37. axb4 axb4 38. b3 Na5 39. c4 Nxb3 40.
c5+ Kd7 41. d5 Na5 42. Nf8+ Rxf8 43. Re7+ Kd8 44. c6 Rb5 45. c7+ Kc8 46. d6 Rbf5 47. Re8+ Kb7 48. c8=Q+ 1-0

[Event "Late-Titled-Tuesday-Blitz-January-23-2024"]
[Site "Chess.com"]
[Date "2024.01.23"]
[Round "6"]
[White "thesupera12"]
[Black "Piotrek1979"]
[Result "0-1"]
[WhiteElo "2515"]
[BlackElo "2404"]
[TimeControl "180+1"]
[EndTime "15:05:21 PST"]
[Termination "Piotrek1979 won by resignation"]

1. d4 Nf6 2. Bg5 c5 3. Bxf6 gxf6 4. dxc5 Na6 5. g3 Nxc5 6. Bg2 e6 7.
Nf3 Bg7 8. O-O f5 9. c3 d5 10. Nbd2 O-O 11. Nd4 Bd7 12. Rc1 Rc8 13. N2b3 Na4 14.
Qd2 b5 15. Rfd1 Kh8 16. f3 Qf6 17. e4 fxe4 18. fxe4 Bh6 19. Qe2 Bxc1 20. Rxc1 dxe4 21. Rf1 Qg7 22. Bxe4 Nc5 23. Bc2 Nxb3 24. axb3 Rc5 25. Qe3 Rg5 26. Nf3 Rd5 27. Qxa7 b4 28. Be4 Rd6 29. Qc5 Ra6 30. Qxb4 f5 31. Bd3 Raa8 32.
Bc4 e5 33. Qd6 e4 34. Ne5 Be8 35. Qd5 Bh5 36. Rxf5 Rfd8 37. Qxe4 Ra1+ 38. Bf1 Rdd1 39. Qf4 Rxf1+ 40. Qxf1 Rxf1+ 41. Kxf1 Be8 42. Nf3 Qd7 43. Rf4 Qd1+ 44. Kf2 Qc2+ 45. Ke3 Bc6 46. Nd4 Qc1+ 47. Kf2 Qd2+ 48. Kf1 Bg2+ 49. Kg1 Bh3 0-1

[Event "Late-Titled-Tuesday-Blitz-January-23-2024"]
[Site "Chess.com"]
[Date "2024.01.23"]
[Round "6"]
[White "Grandmaster2B"]
[Black "Sebastian"]
[Result "0-1"]
[WhiteElo "2805"]
[BlackElo "3002"]
[TimeControl "180+1"]
[EndTime "15:05:23 PST"]
[Termination "Sebastian won on time"]

1. d4 Nf6 2. c4 e6 3. g3 d5 4.
Bg2 dxc4 5. Nf3 a6 6. O-O Nc6 7. Bg5 Be7 8. e3 Bd7 9. Qc1 b5 10. Nbd2 Nd5 11. Bxe7 Ndxe7 12. b3 cxb3 13. Nxb3 O-O 14.
Nc5 Be8 15. Qc2 Nb4 16. Qb3 Nbd5 17. Rfc1 a5 18. Ne5 a4 19. Qd3 Ng6 20. Nf3 Ra7 21.
h4 h6 22. Nd2 Nge7 23. Rab1 Bc6 24. Nf3 Nb6 25. e4 Nc4 26. Nd2 Nxd2 27. Qxd2 Qa8 28.
Qb4 Qd8 29. Rd1 Ra8 30. Rd2 Qd6 31. Rbd1 Rab8 32. a3 Rfd8 33. Qc3 b4 34. axb4 Bb5 35.
d5 exd5 36. exd5 Qb6 37. Qe5 Nc8 38. Qc3 Nd6 39. Bf1 Bxf1 40. Rxf1 Ra8 41. Nd3 a3 42. Ra1 Ra4 43. Nc5 Rxb4 0-1

[Event "Late-Titled-Tuesday-Blitz-January-23-2024"]
[Site "Chess.com"]
[Date "2024.01.23"]
[Round "6"]
[White "IlanSchnaider"]
[Black "Defend1r"]
[Result "1-0"]
[WhiteElo "2763"]
[BlackElo "2563"]
[TimeControl "180+1"]
[EndTime "15:05:24 PST"]
[Termination "IlanSchnaider won by checkmate"]

1. e4 c5 2. Nf3 d6 3. Bb5+ Nd7 4. a4 a6 5. Bc4 e6 6. Nc3 b6 7. O-O Ngf6 8. Re1 Be7 9. d4 cxd4 10. Nxd4 Qc7 11.
Bxe6 fxe6 12. Nxe6 Qc4 13. Nxg7+ Kd8 14. Nd5 Ne5 15.
Nxf6 Qf7 16. Ngh5 h6 17. f4 Bxf6 18. fxe5 Bxe5 19. Rf1 Qg6 20. Nf4 Qxe4 21. Nd3 Rg8 22.
Qf3 Qxf3 23. Rxf3 Bb7 24. Nxe5 dxe5 25. Rf2 Rg6 26. Be3 Ke7 27. Raf1 Rc8 28. Rf7+ Ke6 29. Rxb7 Kd5 30. Rxb6 Rg4 31. Rd1+ Ke4 32. Rb4+ Kxe3 33. Rxg4 Rxc2 34. Rg3+ Ke2 35. Rf1 Rc5 36. Rgf3 e4 37. R1f2+ Kd1 38. Re3 Rc4 39. Ree2 Rb4 40. b3 Rxb3 41. Ra2 Rb1 42. Rf1# 1-0

[Event "Late-Titled-Tuesday-Blitz-January-23-2024"]
[Site "Chess.com"]
[Date "2024.01.23"]
[Round "6"]
[White "PawnEatingZombie"]
[Black "NovakRatko"]
[Result "0-1"]
[WhiteElo "2107"]
[BlackElo "2349"]
[TimeControl "180+1"]
[EndTime "15:05:25 PST"]
[Termination "NovakRatko won by resignation"]

1. e4 d5 2. exd5 c6 3. d4 cxd5 4. Bd3 Nc6 5. c3 g6 6. Bf4 f6 7. Nf3 Bg7 8. O-O Bg4 9. h3 Bxf3 10. Qxf3 e5 11. dxe5 fxe5 12. Bg3 e4 13. Bxe4 dxe4 14.
Qxe4+ Nge7 15. Na3 Qd5 16. Qe2 O-O 17. Nb5 Rac8 18. Rad1 Qh5 19. Qc4+ Kh8 20. Nd6 b5 21. Nf7+ Kg8 22. Nh6+ Kh8 23. Nf7+ Rxf7 24. Qxf7 b4 25. Rd7 Nf5 26. cxb4 Nxb4 27. Rfd1 h6 28. Be5 Rg8 29. g4 Qg5 30. Bf6 Qxf6 31. Qxf6 Bxf6 32. gxf5 gxf5+ 33. Kf1 Bxb2 34. Rxa7 Bg7 35. Rdd7 Nc6 36. Rac7 Ne5 37. Re7 Ng6 38. Red7 Nf4 39. a4 Nxh3 40. a5 Ng5 41. a6 Ne6 42. a7 Nxc7 43. Rxc7 Ra8 44. Rb7 Kh7 45. Ke2 Kg6 46. Kf3 Bd4 47. Ke2 Rxa7 48. f3 Rxb7 0-1

[Event "Late-Titled-Tuesday-Blitz-January-23-2024"]
[Site "Chess.com"]
[Date "2024.01.23"]
[Round "6"]
[White "Firouzja2003"]
[Black "Njal28"]
[Result "0-1"]
[WhiteElo "3137"]
[BlackElo "3063"]
[TimeControl "180+1"]
[EndTime "15:05:28 PST"]
[Termination "Njal28 won on time"]

1. d4 Nf6 2. Bg5 d5 3. e3 c5 4.
Bxf6 gxf6 5. dxc5 e6 6. Nf3 Bxc5 7. Be2 Nc6 8. O-O O-O 9. Nbd2 f5 10. c4 dxc4 11. Qc1 Bd7 12. Nxc4 Qf6 13. Rd1 Rfd8 14. Nce5 Nxe5 15. Qxc5 Nxf3+ 16. Bxf3 Ba4 17. b3 Bc6 18.
Bxc6 bxc6 19. Qxc6 Rac8 20. Qb7 Kg7 21. g3 Rc2 22. Qxa7 Rdd2 23. Rf1 Rxf2 24. Rxf2 Qxa1+ 25. Kg2 Rxf2+ 26. Kxf2 Qb2+ 27. Kf3 e5 28. e4 Qxh2 29. exf5 Qh1+ 30. Ke2 Qh5+ 31. Ke1 Qh1+ 32. Kd2 Qg2+ 33. Ke1 Qe4+ 34. Kd2 Qg2+ 35. Ke1 Qxg3+ 36. Qf2 Qc3+ 37. Kf1 h5 38. Kg2 Qc6+ 39. Kh3 Qh1+ 40. Kg3 Kf6 41. a3 Qe4 42. a4 Qg4+ 43. Kh2 e4 44. Qd4+ Kxf5 45.
Qd7+ Kf4 46. Qxg4+ hxg4 47. a5 e3 48. Kg2 g3 0-1

[Event "Late-Titled-Tuesday-Blitz-January-23-2024"]
[Site "Chess.com"]
[Date "2024.01.23"]
[Round "6"]
[White "ozates"]
[Black "TigrVShlyape"]
[Result "0-1"]
[WhiteElo "2619"]
[BlackElo "2945"]
[TimeControl "180+1"]
[EndTime "15:05:30 PST"]
[Termination "TigrVShlyape won on time"]

1. e4 c5 2. Nf3 e6 3. d4 cxd4 4. Nxd4 a6 5. c4 Nf6 6. Nc3 Qc7 7. a3 b6 8. Be2 Bb7 9. f3 Nc6 10. Be3 Nxd4 11. Bxd4 Bc5 12. O-O e5 13. Bxc5 bxc5 14. Kh1 O-O 15. b4 cxb4 16. axb4 d6 17. Ra5 Rfb8 18. Qd2 Bc8 19. Nd5 Nxd5 20. Rxd5 Be6 21. Rxd6 h6 22. Rc1 Rb7 23. c5 Rab8 24. Rxa6 Rxb4 25.
h3 Rb1 26. Ra1 Rxa1 27. Rxa1 Qxc5 28. Rc1 Qf2 29. Qe1 Qe3 30. Bf1 Qf4 31. Rd1 g6 32. Qd2 Qh4 33. Kg1 Kg7 34. Qf2 Qf4 35. Qd2 Qg3 36. Qf2 Qg5 37. Kh2 h5 38. Qg3 Qf6 39.
Rc1 h4 40. Qe1 Qf4+ 41. Kg1 Rb2 42. Rc5 Bxh3 43. Qc3 Rb1 44. Rxe5 Kh7 45. Re7 Bxg2 0-1

[Event "Late-Titled-Tuesday-Blitz-January-23-2024"]
[Site "Chess.com"]
[Date "2024.01.23"]
[Round "6"]
[White "Mops_2004"]
[Black "CarlosjPineror"]
[Result "1-0"]
[WhiteElo "2857"]
[BlackElo "2610"]
[TimeControl "180+1"]
[EndTime "15:05:30 PST"]
[Termination "Mops_2004 won by checkmate"]

1. Nf3 Nf6 2. c4 c5 3. Nc3 e6 4. g3 Nc6 5. Bg2 a6 6. d4 cxd4 7. Nxd4 Qc7 8. O-O h5 9. Bf4 Ne5 10. Rc1 d6 11. c5 dxc5 12. Nc6 Nfd7 13. Nxe5 Nxe5 14. Ne4 Be7 15. Qc2 O-O 16. Nxc5 g5 17. Bd2 Rb8 18. Ne4 Qxc2 19. Rxc2 f6 20. Bc3 Nc6 21.
Rd1 e5 22. Nd6 Bxd6 23. Rxd6 Bf5 24. Rcd2 Rfd8 25. Rxf6 Rxd2 26. Bxd2 Rd8 27. Rxf5 Rxd2 28. Rxg5+ Kf7 29. Bxc6 bxc6 30. Rxe5 Rxb2 31. Ra5 Ke6 32. Rxa6 Kd5 33. e3 c5 34. Kg2 c4 35. Ra3 Kc5 36.
h3 Kb4 37. Ra8 Kc3 38. g4 Rb5 39. f4 Rc5 40. g5 Kd2 41. Kf3 c3 42. Rd8+ Ke1 43. g6 c2 44. g7 c1=Q 45. g8=Q Qc2 46. Qg1# 1-0

[Event "Late-Titled-Tuesday-Blitz-January-23-2024"]
[Site "Chess.com"]
[Date "2024.01.23"]
[Round "6"]
[White "rasmussvane"]
[Black "Andrej2004"]
[Result "1-0"]
[WhiteElo "2970"]
[BlackElo "2616"]
[TimeControl "180+1"]
[EndTime "15:05:32 PST"]
[Termination "rasmussvane won by checkmate"]

1. Nf3 b6 2. g3 Bb7 3. Bg2 g6 4. O-O Bg7 5. d4 d6 6. c4 Nd7 7.
Nc3 e5 8. e4 exd4 9. Nxd4 Ne5 10. b3 Ne7 11. Be3 O-O 12. h3 N5c6 13. Qd2 Nxd4 14.
Bxd4 Bxd4 15. Qxd4 Nc6 16. Qd2 Re8 17. Nd5 Nb8 18.
Rac1 Nd7 19. Qd4 a5 20. h4 Bxd5 21. cxd5 Nc5 22. Rc3 Qe7 23. Re3 Qe5 24. Qd2 h5 25. f4 Qf6 26. Rfe1 Nd7 27. Qe2 Qd4 28. Kh1 a4 29. e5 axb3 30. axb3 Nc5 31. Bf3 Kg7 32.
Rd1 Ra1 33. Rxa1 Qxa1+ 34. Kh2 Qd4 35. e6 f5 36. b4 Qxb4 37. Bxh5 Qd4 38. Bf3 b5 39. Bg2 b4 40. Qb5 Re7 41. Re2 b3 42.
Qb8 Qd3 43. Qd8 Qxe2 44. Qxe7+ Kh6 45. Qf8+ Kh7 46. Qf7+ Kh6 47. Qg8 Kh5 48. Qh7+ Kg4 49. Qxg6# 1-0

[Event "Late-Titled-Tuesday-Blitz-January-23-2024"]
[Site "Chess.com"]
[Date "2024.01.23"]
[Round "6"]
[White "Teidi96"]
[Black "only_strong_moves"]
[Result "1/2-1/2"]
[WhiteElo "2418"]
[BlackElo "2526"]
[TimeControl "180+1"]
[EndTime "15:05:32 PST"]
[Termination "Game drawn by repetition"]

1. e4 c5 2. Nf3 Nc6 3. d4 cxd4 4. Nxd4 e5 5. Nb5 d6 6. N1c3 a6 7. Na3 Be6 8. Nd5 Bxd5 9. Qxd5 Nf6 10. Qb3 b5 11.
Bd3 Rc8 12. c3 Be7 13. O-O O-O 14. Bg5 Nd7 15. Bxe7 Qxe7 16. Nc2 Qf6 17. Ne3 Ne7 18. a4 Nc5 19. Qd1 Nxa4 20. Rxa4 bxa4 21. Qxa4 Rb8 22. b4 d5 23. Nxd5 Nxd5 24. exd5 e4 25. Bxe4 Qxc3 26.
Qxa6 Rxb4 27. Bf3 Rd4 28. Qe2 g6 29. h3 Rd2 30. Qe3 Qc2 31. Be4 Qb2 32. Rb1 Qa2 33. Qf4 Rd4 34. Rb8 Qa7 35. Rxf8+ Kxf8 36. Qd6+ Qe7 37. Qb8+ Kg7 38. Bf3 h5 39. Qb2 Qe5 40. Qc2 Kh6 41. Qc1+ g5 42. g3 Kg7 43. Kh2 g4 44.
hxg4 hxg4 45. Bg2 Qh5+ 46. Kg1 Qe5 47. Kh2 Ra4 48. Qd2 Rd4 49. Qc1 1/2-1/2

[Event "Late-Titled-Tuesday-Blitz-January-23-2024"]
[Site "Chess.com"]
[Date "2024.01.23"]
[Round "6"]
[White "Revan_2002"]
[Black "Kazan28"]
[Result "1-0"]
[WhiteElo "2459"]
[BlackElo "2588"]
[TimeControl "180+1"]
[EndTime "15:05:33 PST"]
[Termination "Revan_2002 won by checkmate"]

1. b3 d6 2. Bb2 e5 3. c4 g6 4. Nc3 Bg7 5. g3 f5 6. Bg2 Nf6 7. d3 O-O 8. Nf3 h6 9. O-O g5 10. c5 Nc6 11. cxd6 cxd6 12. Rc1 Qe8 13. Ba3 Qd8 14.
Qd2 Be6 15. Nb5 Ne8 16. d4 e4 17. d5 exf3 18. exf3 a6 19. Nc3 Qa5 20. Bb2 Bxc3 21. Rxc3 Qxd5 22. Qe2 Nd4 23. Qd1 Nb5 24. Rd3 Qc5 25. f4 g4 26. Bxb7 Rb8 27. Bg2 d5 28. Re1 Bf7 29. Re5 Ng7 30. Bxd5 Qc7 31. a4 Nd6 32.
Ba3 Bxd5 33. Rdxd5 Ne4 34. Bxf8 Rxf8 35. Rd4 Rc8 36. Rc4 Qb7 37. Qd5+ Qxd5 38. Rxc8+ Kh7 39. Rxd5 h5 40. Rd7 h4 41. Rcc7 Kg6 42. Rxg7+ Kf6 43. gxh4 Ke6 44. h5 Nd2 45. h6 Nf3+ 46. Kh1 Ne1 47.
h7 Nd3 48. h8=Q Nxf2+ 49. Kg2 Nh3 50. Qe8+ Kd5 51. Qe5# 1-0

[Event "Late-Titled-Tuesday-Blitz-January-23-2024"]
[Site "Chess.com"]
[Date "2024.01.23"]
[Round "6"]
[White "ferdipy"]
[Black "Atousa"]
[Result "1-0"]
[WhiteElo "2331"]
[BlackElo "2458"]
[TimeControl "180+1"]
[EndTime "15:05:34 PST"]
[Termination "ferdipy won by checkmate"]

1. e4 c5 2. d4 cxd4 3. c3 d3 4.
c4 Nc6 5. Bxd3 Nf6 6. Nf3 d6 7. O-O e6 8. h3 Be7 9. Nc3 O-O 10. Be3 Bd7 11. Qe2 a6 12. Rac1 Rc8 13. a3 Ne5 14.
b4 Nxd3 15. Qxd3 Qc7 16. Nd2 Rfd8 17. f4 Be8 18. Qe2 Bc6 19. Qf2 Nd7 20. g4 Qb8 21. Nf3 b5 22. cxb5 axb5 23. Nd4 Bf6 24. g5 Be7 25. f5 e5 26. Nxc6 Rxc6 27. f6 gxf6 28.
gxf6 Nxf6 29. Bg5 d5 30. Nxd5 Rxc1 31. Nxe7+ Kf8 32. Rxc1 Nxe4 33. Bh6+ Kxe7 34. Qh4+ Nf6 35. Bg5 Qb6+ 36. Kh2 Rd3 37. Bxf6+ Qxf6 38. Rc7+ Ke6 39.
Rc6+ Kd5 40. Qxf6 Rd2+ 41. Kg3 Rd3+ 42. Kf2 Ke4 43. Rd6 Rd2+ 44. Rxd2 h5 45. Qf3# 1-0

[Event "Late-Titled-Tuesday-Blitz-January-23-2024"]
[Site "Chess.com"]
[Date "2024.01.23"]
[Round "6"]
[White "JackRodgers"]
[Black "egnfanclub"]
[Result "0-1"]
[WhiteElo "2550"]
[BlackElo "2383"]
[TimeControl "180+1"]
[EndTime "15:05:35 PST"]
[Termination "egnfanclub won on time"]

1. d4 d5 2. c4 c6 3. Nc3 Nf6 4. Nf3 e6 5. Bg5 dxc4 6. e4 b5 7. e5 h6 8. Bh4 g5 9. Nxg5 Nd5 10.
Nxf7 Qxh4 11. Nxh8 Bb4 12. Rc1 c5 13. g3 Qe4+ 14. Qe2 Qxh1 15. Qh5+ Kd8 16. dxc5 Nc6 17.
Nf7+ Kc7 18. Nd6 Nxc3 19. bxc3 Bxc5 20. Qf7+ Bd7 21. Nxb5+ Kb6 22. Qxd7 Kxb5 23. Qb7+ Bb6 24. a4+ Kxa4 25. Qxa8 Qf3 26. Rc2 Qe4+ 27. Kd1 Kb3 28. Rc1 Qf3+ 29. Be2 Qd5+ 30. Ke1 Qh1+ 31. Bf1 Qe4+ 32.
Be2 Kb2 33. Rd1 Qh1+ 34. Bf1 Qe4+ 35. Be2 Kxc3 36. Qf8 Kb3 37. Qf3+ Qxf3 38. Bxf3 Ba5+ 39. Kf1 Nb4 40. Bg4 Kc2 41. Ra1 Bc7 42. Bxe6 c3 0-1

[Event "Late-Titled-Tuesday-Blitz-January-23-2024"]
[Site "Chess.com"]
[Date "2024.01.23"]
[Round "6"]
[White "js20000"]
[Black "Hikaru"]
[Result "1-0"]
[WhiteElo "2896"]
[BlackElo "3279"]
[TimeControl "180+1"]
[EndTime "15:05:38 PST"]
[Termination "js20000 won by resignation"]

1. d4 g6 2. e4 Bg7 3. Nf3 d6 4. c3 Nd7 5. Bd3 e5 6. O-O Ngf6 7. Re1 O-O 8. Na3 b6 9. Nc2 Bb7 10. a4 exd4 11. cxd4 Re8 12. Nd2 c5 13. d5 a6 14.
Nc4 Ne5 15. Nxe5 Rxe5 16. Bf4 Re8 17. Na3 Nh5 18. Bc1 Be5 19. g3 Bc8 20. Nc4 Bd4 21.
Be3 Bxe3 22. Rxe3 Nf6 23. Re1 Rb8 24. Qd2 b5 25. axb5 axb5 26. Na5 Bd7 27. Qf4 Rb6 28. b4 c4 29. Bc2 Ng4 30. f3 Ne5 31. Qe3 Rb8 32.
f4 Ng4 33. Qd4 Qb6 34. Qxb6 Rxb6 35. Kg2 f5 36. h3 Nf6 37. exf5 Nxd5 38. fxg6 hxg6 39.
Bxg6 Rxe1 40. Rxe1 Kf8 41. h4 Nxb4 42. h5 d5 43. f5 Nd3 44. Re2 c3 45. h6 Rb8 46.
h7 Kg7 47. Re7+ Kh8 48. Rxd7 c2 49. Nb3 Nc5 50. Rc7 Nxb3 51. Rxc2 b4 52. f6 Nd4 53. Rc7 Ne6 54. Re7 Nf8 55. Bd3 b3 56.
Rg7 Ne6 57. Re7 Nc5 58. f7 Rf8 59. Re8 Nd7 60. g4 b2 61. g5 Kg7 62. g6 Rh8 63.
Rg8+ 1-0